 Dungeon Sprint DCSS version 0.29.1-15-g9cfb28693d (webtiles) character file.

Game seed: 16211152278182453538

14058 Revguard the Protected (level 11, -2/119 HPs)
             Began as a Troll Gladiator on Mar 10, 2023.
             Was the Champion of Wu Jian.
             Slain by an emperor scorpion (14 damage)
             ... summoned by a royal mummy
             ... in the Dungeon (Sprint V: "Ziggurat Sprint").
             The game lasted 00:12:10 (932 turns).

Revguard the Protected (Troll Gladiator)             Turns: 932, Time: 00:12:10

Health: -2/119     AC: 27    Str: 31    XL:     11   Next: 83%
Magic:  19/19      EV: 18    Int:  4    God:    Wu Jian [******]
Gold:   0          SH:  0    Dex: 15    Spells: 10/10 levels left

rFire   + + +      SeeInvis .   D - +7 great mace "Firestarter" {inner flame, rF++}
rCold   + . .      Faith    .   (shield currently unavailable)
rNeg    . . .      Spirit   .   F - +5 gold dragon scales
rPois   +          Reflect  .   H - +2 hood of the Assassin {Detection Stab+ Stlth++}
rElec   +          Harm     .   (no cloak)
rCorr   .          Rampage  .   (gloves unavailable)
Will    +++..      NoTele   +   (boots unavailable)
Stlth   ..........              (no amulet)
HPRegen 1.09/turn               Q - ring of Qexteblegau {rPois Will++ MP+9 Str+3 Stlth-}
MPRegen 0.16/turn               L - ring "Sangomapn" {rElec Will+ Str+4}

@: in a heavenly storm, slowed, glowing, studying Armour, very slow
A: large, unfitting armour, claws 3, regeneration 1, shaggy fur 1, tough skin 1
a: Renounce Religion, Wall Jump, Serpent's Lash, Heavenly Storm


You were in the Dungeon.
You worshipped Wu Jian.
Wu Jian was exalted by your worship.
You visited 1 branch

Inventory:

Hand Weapons
 D - the +7 great mace "Firestarter" (weapon) {inner flame, rF++}
   (You found it in the Dungeon)

   It burns those it strikes, dealing additional fire damage.
   It fills those it strikes with an explosive inner flame.
   It grants immunity to clouds of flame.
   rF:        It greatly protects you from fire.
 E - the +10 dark maul {vorpal}
   (You found it in the Dungeon)

   It inflicts extra damage upon your enemies.
Missiles
 d - 3 throwing nets (quivered)
 e - 9 large rocks
Armour
 F - +5 gold dragon scales (worn)
 H - the +2 hood of the Assassin (worn) {Detection Stab+ Stlth++}
   (You found it in the Dungeon)

   It allows the wearer to sense nearby creatures.
   It allows the wearer to make particularly effective stabbing attacks against
   helpless or unaware enemies with any weapon.
   Stlth:     It makes you much more stealthy.
Jewellery
 u - a ring of flight
 v - a +6 ring of dexterity
 w - a +6 ring of dexterity
 L - the ring "Sangomapn" (right claw) {rElec Will+ Str+4}
   (You acquired it in the Dungeon)

   [ring of willpower]

   Str:       It affects your strength (+4).
   rElec:     It insulates you from electricity.
   Will:      It increases your willpower.
 M - a ring of positive energy
 Q - the ring of Qexteblegau (left claw) {rPois Will++ MP+9 Str+3 Stlth-}
   (You found it in the Dungeon)

   [ring of magical power]

   Str:       It affects your strength (+3).
   rPois:     It protects you from poison.
   MP:        It affects your magic capacity (+9).
   Will:      It greatly increases your willpower.
   Stlth:     It makes you less stealthy.
Wands
 B - a wand of mindburst (7)
 C - a wand of acid (6)
Scrolls
 k - 4 scrolls of blinking
 q - 4 scrolls of amnesia
 r - 7 scrolls of fog
 s - 5 scrolls of identify
 t - 2 scrolls of fear
Potions
 f - 9 potions of curing
 g - 10 potions of heal wounds
 h - 5 potions of haste
 i - 7 potions of magic
 j - 3 potions of berserk rage
 l - 2 potions of brilliance
 m - 2 potions of invisibility
 n - 4 potions of resistance
 p - 5 potions of might
Miscellaneous
 b - a lightning rod (4/4)
 o - a phial of floods
 J - a tin of tremorstones (inert)
 N - a box of beasts


   Skills:
 + Level 10.4 Fighting
 + Level 11.0 Maces & Flails
 + Level 10.8 Throwing
 + Level 11.4 Armour
 + Level 10.7 Dodging
 * Level 6.7 Stealth
 + Level 8.9 Evocations


You had 10 spell levels left.
You didn't know any spells.
Your spell library contained the following spells:

 Spells                   Type           Power      Damage    Failure   Level
 Apportation              Tloc           0%         N/A       100%        1
 Sandblast                Erth           0%         2d4       100%        1
 Summon Small Mammal      Summ           0%         N/A       100%        1
 Ensorcelled Hibernation  Hex/Ice        0%         N/A       100%        2
 Passwall                 Tmut/Erth      0%         N/A       100%        2
 Call Canine Familiar     Summ           0%         N/A       100%        3
 Confusing Touch          Hex            0%         N/A       100%        3
 Portal Projectile        Hex/Tloc       0%         N/A       100%        3
 Spider Form              Tmut/Pois      0%         N/A       100%        3
 Stone Arrow              Conj/Erth      0%         3d7       100%        3
 Summon Guardian Golem    Hex/Summ       0%         N/A       100%        3
 Tukima's Dance           Hex            0%         N/A       100%        3
 Anguish                  Hex/Necr       0%         N/A       100%        4
 Fulminant Prism          Conj/Hex       0%         3d6       100%        4
 Alistair's Intoxication  Tmut/Pois      0%         N/A       100%        5
 Blade Hands              Tmut           0%         N/A       100%        5
 Irradiate                Conj/Tmut      0%         3d11      100%        5
 Silence                  Hex/Air        0%         N/A       100%        5
 Summon Mana Viper        Hex/Summ       0%         N/A       100%        5
 Dragon Form              Tmut           0%         N/A       100%        7
 Malign Gateway           Summ/Tloc      0%         N/A       100%        7
 Discord                  Hex            0%         N/A       100%        8
 Summon Horrible Things   Summ           0%         N/A       100%        8
 Dragon's Call            Summ           0%         N/A       100%        9


Dungeon Overview and Level Annotations

Branches:
Dungeon (1/1)

Altars:
Ashenzari
Cheibriados
Dithmenos
Elyvilon
Fedhas
Gozag
Hepliaklqana
Kikubaaqudgha
Makhleb
Nemelex Xobeh
Okawaru
Qazlal
Ru
Sif Muna
Trog
Uskayaw
Vehumet
Wu Jian
Xom
Yredelemnul
Zin
The Shining One
Jiyva
Lugonu

Annotations:
D 1 transporter


Innate Abilities, Weirdness & Mutations

You are too large for most types of armour.
You have claws for hands.
Your natural rate of healing is unusually fast.
You are covered in fur. (AC +1)
You have tough skin. (AC +1)


Message History

The emperor scorpion's inner flame fades away. x2
The death scarab closely misses you. The death scarab misses you.
The death scarab bites you but does no damage.
The emperor scorpion stings you!
The emperor scorpion claws you but does no damage.
The emperor scorpion completely misses you.
The emperor scorpion stings you but does no damage.
The emperor scorpion claws you but does no damage. x2
The royal mummy mumbles some strange words.
The emperor scorpion stings you but does no damage.
The emperor scorpion claws you but does no damage.
The emperor scorpion barely misses you. The emperor scorpion stings you.
The emperor scorpion barely misses you.
The emperor scorpion claws you but does no damage.
The emperor scorpion misses you.
The emperor scorpion completely misses you.
The emperor scorpion closely misses you. x3
The emperor scorpion claws you but does no damage.
The emperor scorpion completely misses you.
The emperor scorpion misses you.
The emperor scorpion claws you but does no damage.
The death scarab misses you. The death scarab bites you.
* * * LOW HITPOINT WARNING * * *
The death scarab draws strength from your injuries!
The emperor scorpion completely misses you.
The emperor scorpion claws you.
* * * LOW HITPOINT WARNING * * *
The emperor scorpion claws you but does no damage.
The tremorstone explodes into fragments!
The tin is emptied!
You hear a faint skittering sound.
The death scarab bites you but does no damage. x2
The death scarab bites you!
* * * LOW HITPOINT WARNING * * *
The death scarab draws strength from your injuries!
The death scarab closely misses you. The death scarab bites you!
* * * LOW HITPOINT WARNING * * *
The death scarab draws strength from your injuries!
The emperor scorpion stings you!
You die...

▓...).....▓....
▓.........▓....
▓.........▓...†
▓.........▓...†
▓▓▓▓▓▓▓▓▓▓▓▓▓.........▓....
▓....8©8....▓....©....▓...©
▓..}|))|§BMB▓▓▓▓▓▓▓▓▓▓▓▓▓▓▓
▓...)|{☼☼s§B▓...8©8...▓..8©
▓.....{○Ms@§▓...)|.|..▓..|}
▓...M○☼{MssB▓...).[...▓..[.
▓...☼○☼{Mz§B▓.........▓....
▓...§☼☼{{{§○▓.........▓....
▓§§{MM▓☼☼▓...††....▓....
▓▓§§○▓▓▓○▓...†.....▓....
▓..▓§☼§§§▓..▓.▓.....▓.▓.▓..
▓.....©.....▓....©....▓...©
▓▓▓▓▓▓▓▓▓▓▓▓▓▓▓▓▓▓▓▓▓▓▓▓▓▓▓


You could see a royal mummy, 4 emperor scorpions, a guardian mummy, 5 death
scarabs, a flying skull and 2 mummies.

Vanquished Creatures
  A frost giant (D)
  2 stone giants (D)
  4 two-headed ogres (D)
  A wolf spider (D)
  A shining eye (D)
  A cyclops (D)
  An eye of devastation (D)
  2 cane toads (D)
  2 large abominations (D)
  A rime drake (D)
  6 guardian mummies (D)
  A hornet (D)
  A tarantella (D)
  2 trolls (D)
  3 slime creatures (D)
  2 jumping spiders (D)
  A shadow (D)
  An ushabti (D)
  A yak (D)
  6 spriggans (D)
  A basilisk (D)
  A naga (D)
  A water moccasin (D)
  A small abomination (D)
  A black bear (D)
  3 wolves (D)
  An ogre (D)
  A phantom (D)
  4 scorpions (D)
  A wight (D)
  4 crimson imps (D)
  A jelly (D)
  2 mummies (D)
  An adder (D)
  2 white imps (D)
  3 adder skeletons (D)
  A bat skeleton (D)
  An endoplasm (D)
  A jackal (D)
  A jackal zombie (D)
  A quokka zombie (D)
73 creatures vanquished.

Vanquished Creatures (collateral kills)
  A guardian mummy (D)
  A slime creature (D)
  A golden eye (D)
  A bat skeleton (D)
4 creatures vanquished.

Grand Total: 77 creatures vanquished

Notes
Turn   | Place    | Note
-------+----------+-------------------------------------------
     0 | D        | Revguard the Troll Gladiator began the quest for the Orb.
     0 | D        | Reached XP level 1. HP: 19/19 MP: 0/0
     0 | D        | Found a shimmering blue altar of Sif Muna.
     0 | D        | Found a sacrificial altar of Ru.
     0 | D        | Found a bloodstained altar of Trog.
     0 | D        | Found a stormy altar of Qazlal.
     0 | D        | Found an iron altar of Okawaru.
     0 | D        | Found a sparkling altar of Nemelex Xobeh.
     0 | D        | Found a blossoming altar of Fedhas.
     0 | D        | Found the +6 Majin-Bo {vamp, MP+6 Int+6}
     0 | D        | Found the +9 heavy crossbow "Sniper" {vorpal, Acc+∞ SInv}
     0 | D        | Found the +10 dark maul {vorpal}
     0 | D        | Found the +15 Maxwell's patent armour {-Cast -Tele rElec
                  | Will+ rCorr}
     0 | D        | Found the +18 shield of the Gong {rElec rN+ Will+ EV-5}
     0 | D        | Found the +14 obsidian axe {vorpal, Mesm Drain Fly SInv}
     0 | D        | Found the +7 great mace "Firestarter" {inner flame, rF++}
     0 | D        | Found the +6 shillelagh "Devastator" {shatter}
     0 | D        | Found the +11 plutonium sword {Contam Stlth-}
     0 | D        | Found the +8 lance "Wyrmbane" {slay drac, rPois rF+ rC+
                  | AC+3}
     0 | D        | Found the +9 sword of Zonguldrok {reap}
     0 | D        | Found the +13 scythe of Curses {drain, Drain}
     0 | D        | Found the +5 sword of Power {vorpal}
     0 | D        | Found the +7 mace of Variability {chain chaos}
     0 | D        | Found the +7 Singing Sword {vorpal, sonic wave}
     0 | D        | Found the +8 storm bow {elec, penet}
     2 | D        | Found a transporter.
     2 | D        | Found an ancient bone altar of Kikubaaqudgha.
     2 | D        | Found a viscous altar of Jiyva.
     2 | D        | Found a corrupted altar of Lugonu.
     2 | D        | Found a hazy altar of Hepliaklqana.
     2 | D        | Found a burning altar of Makhleb.
     2 | D        | Found an opulent altar of Gozag.
   145 | D        | Became a worshipper of the Wu Jian Council
   148 | D        | Reached XP level 2. HP: 32/32 MP: 1/1
   161 | D        | Entered arena 2.
   161 | D        | Found a transporter.
   172 | D        | Entered arena 3.
   172 | D        | Noticed a water moccasin
   172 | D        | Noticed a naga
   172 | D        | Found a transporter.
   174 | D        | Reached * piety under Wu Jian
   176 | D        | Killed a water moccasin
   176 | D        | Killed a naga
   177 | D        | Reached skill level 5 in Fighting
   177 | D        | Reached skill level 5 in Dodging
   177 | D        | Reached XP level 3. HP: 24/42 MP: 2/2
   177 | D        | Reached XP level 4. HP: 29/50 MP: 3/3
   177 | D        | Reached XP level 5. HP: 33/57 MP: 4/4
   203 | D        | Entered arena 4.
   203 | D        | Noticed a spriggan
   203 | D        | Noticed a black bear
   203 | D        | Noticed a spriggan
   203 | D        | Noticed a wolf
   203 | D        | Found a transporter.
   205 | D        | Killed a wolf
   205 | D        | Reached ** piety under Wu Jian
   206 | D        | Reached skill level 5 in Maces & Flails
   206 | D        | Reached skill level 5 in Armour
   206 | D        | Reached XP level 6. HP: 58/66 MP: 5/5
   206 | D        | Killed a spriggan
   207 | D        | Reached skill level 5 in Throwing
   210 | D        | Killed a spriggan
   211 | D        | Reached XP level 7. HP: 69/75 MP: 6/6
   213 | D        | Reached *** piety under Wu Jian
   243 | D        | Entered arena 5.
   243 | D        | Found the +2 hood of the Assassin {Detection Stab+ Stlth++}
   243 | D        | Noticed a large abomination
   243 | D        | Noticed a shadow
   243 | D        | Found a transporter.
   248 | D        | Killed a large abomination
   251 | D        | Killed a shadow
   252 | D        | Reached skill level 5 in Evocations
   252 | D        | Reached XP level 8. HP: 44/84 MP: 7/7
   257 | D        | Reached **** piety under Wu Jian
   294 | D        | Entered arena 6.
   294 | D        | Noticed a large abomination
   294 | D        | Found a transporter.
   298 | D        | Killed a large abomination
   299 | D        | Reached skill level 1 in Stealth
   308 | D        | Reached ***** piety under Wu Jian
   318 | D        | Got Sif Muna's Book of the Unified Whammy
   323 | D        | Entered arena 7.
   323 | D        | Noticed a cane toad
   323 | D        | Noticed a cane toad
   323 | D        | Noticed a rime drake
   324 | D        | Found a transporter.
   327 | D        | Killed a rime drake
   327 | D        | Killed a cane toad
   327 | D        | Killed a cane toad
   328 | D        | Reached XP level 9. HP: 91/96 MP: 8/8
   347 | D        | Entered arena 8.
   347 | D        | Noticed a spriggan rider
   348 | D        | Found a transporter.
   350 | D        | Reached ****** piety under Wu Jian
   355 | D        | Reached XP level 10. HP: 67/106 MP: 9/9
   394 | D        | Entered arena 9.
   395 | D        | Found a transporter.
   409 | D        | Acquired the ring "Sangomapn" {rElec Will+ Str+4}
   427 | D        | Entered arena 10.
   427 | D        | Noticed a wolf spider
   428 | D        | Found a transporter.
   433 | D        | Killed a wolf spider
   632 | D        | Entered arena 11.
   632 | D        | Noticed a shining eye
   632 | D        | Noticed an eye of devastation
   634 | D        | Found a transporter.
   640 | D        | Killed a shining eye
   640 | D        | Killed an eye of devastation
   676 | D        | Entered arena 12.
   678 | D        | Found a transporter.
   687 | D        | Reached skill level 10 in Maces & Flails
   687 | D        | Reached XP level 11. HP: 50/115 MP: 10/10
   692 | D        | Reached skill level 10 in Dodging
   701 | D        | Got the Handbook of Instinct
   709 | D        | Got the ring of Qexteblegau {rPois Will++ MP+9 Str+3
                  | Stlth-}
   830 | D        | Entered arena 13.
   830 | D        | Noticed a two-headed ogre
   830 | D        | Noticed a stone giant
   830 | D        | Noticed a frost giant
   830 | D        | Noticed a two-headed ogre
   830 | D        | Noticed a two-headed ogre
   830 | D        | Noticed a two-headed ogre
   831 | D        | Noticed a stone giant
   834 | D        | Found a transporter.
   836 | D        | Killed a stone giant
   836 | D        | Reached skill level 10 in Throwing
   836 | D        | Reached skill level 10 in Armour
   836 | D        | Reached skill level 5 in Stealth
   837 | D        | Killed a frost giant
   837 | D        | Killed a two-headed ogre
   837 | D        | Killed a two-headed ogre
   837 | D        | Killed a two-headed ogre
   838 | D        | Reached skill level 10 in Fighting
   838 | D        | Killed a two-headed ogre
   838 | D        | Killed a stone giant
   920 | D        | Entered arena 14.
   922 | D        | Noticed a death scarab
   922 | D        | Noticed a royal mummy
   923 | D        | Noticed an emperor scorpion
   923 | D        | Found a transporter.
   923 | D        | Noticed an emperor scorpion
   924 | D        | Noticed a death scarab
   928 | D        | Noticed a death scarab
   928 | D        | Noticed a death scarab
   929 | D        | Noticed an emperor scorpion
   929 | D        | Noticed an emperor scorpion
   931 | D        | Noticed a death scarab
   932 | D        | Noticed a death scarab
   932 | D        | Slain by an emperor scorpion

Illustrated notes

Levels and vault maps discovered:
D:        sprint_v [room_start, room_1, room_2, room_3, room_4, room_5, room_6,
          room_7, room_8, room_9, room_10, room_11, room_12, room_13, room_14,
          room_15, room_16, room_17, room_18, room_19, room_20, room_21,
          room_22, room_23, room_24, room_25, room_26, room_27]

Skill      XL: |  1  2  3  4  5  6  7  8  9 10 11 |
---------------+----------------------------------+-----
Fighting       | 3 5 6 7 8 9 10 | 10.4
Armour         | 3 4 5 6 7 8 9 11 | 11.4
Dodging        | 4 5 6 7 8 9 10 | 10.7
Throwing       | 4 5 6 7 8 9 10 | 10.8
Maces & Flails | 4 5 6 8 10 11 | 11.0
Evocations     | 3 4 5 6 8 |  8.9
Stealth        | 2 3 4 6 |  6.7

Action                   |  1- 3 |  4- 6 |  7- 9 | 10-12 || total
-------------------------+-------+-------+-------+-------++-------
Melee: Great mace        |     8 |     7 |    41 |    64 ||   120
Invok: Lunge             |     1 |     1 |     2 |     9 ||    13
       Whirlwind         |       |       |    15 |    45 ||    60
       Heavenly Storm    |       |       |       |     2 ||     2
       Serpent's Lash    |       |       |       |     1 ||     1
Evoke: Tin of tremorston |       |       |       |     3 ||     3
       Wand              |       |       |       |     1 ||     1
       Box of beasts     |       |       |       |     1 ||     1
  Use: Potion            |     1 |       |     1 |     6 ||     8
       Scroll            |       |       |       |     1 ||     1
Armor: Gold dragon scale |     8 |    21 |    35 |    90 ||   154
Dodge: Dodged            |     4 |     8 |    16 |    73 ||   101
